 Dungeon Crawl Stone Soup version 0.30.1-11-g7821555f0a (webtiles) character file.

Game seed: 3850583678470890379

292 lonewolfV2 the Covered (level 6, 0/52 HPs)
             Began as a Formicid Fighter on Dec 6, 2023.
             Slain by a jelly (2 damage)
             ... on level 4 of the Dungeon.
             The game lasted 00:04:15 (3505 turns).

lonewolfV2 the Covered (Formicid Fighter)           Turns: 3505, Time: 00:04:15

Health: 0/52       AC:  7    Str: 21    XL:     6   Next: 59%
Magic:  6/6        EV:  9    Int:  7    God:
Gold:   208        SH:  5    Dex: 15    Spells: 5/5 levels left

rFire   . . .        a - +0 war axe
rCold   . . .        c - +0 buckler
rNeg    . . .        b - +0 scale mail
rPois   .            (helmet unavailable)
rElec   .            (no cloak)
rCorr   .            (no gloves)
SInv    +            (no boots)
Will    .....        (no amulet) Stlth
                     (no ring)
HPRegen 0.28/turn    (no ring)
MPRegen 0.10/turn

%: no passive effects
@: no status effects
A: permanent stasis, dig shafts and tunnels, antennae 3, four strong arms
a: Dig, Shaft Self


You were on level 4 of the Dungeon.
You visited 1 branch of the dungeon, and saw 4 of its levels.

You collected 208 gold pieces.

Inventory:

Hand Weapons
 a - a +0 war axe (weapon)
Armour
 b - a +0 scale mail (worn)
 c - a +0 buckler (worn)
Scrolls
 f - a scroll of identify
 g - a scroll of fear
 m - a scroll of blinking {unknown}
Potions
 d - 2 potions of attraction {unknown}
 e - a potion of degeneration
 h - 2 potions of brilliance
 i - 3 potions of haste
 j - a potion of lignification {unknown}
 k - a potion of mutation {unknown}
 l - a potion of curing
 n - a potion of invisibility {unknown}


   Skills:
 + Level 5.8 Fighting
 - Level 2.0 Axes
 + Level 5.8 Armour
 - Level 4.0 Shields


You had 5 spell levels left.
You didn't know any spells.
Your spell library contained the following spells:

 Spells                   Type           Power      Damage    Failure   Level
 Summon Small Mammal      Summ           0%         N/A       82%         1
 Stone Arrow              Conj/Erth      0%         3d7       99%         3
 Animate Armour           Summ/Erth      0%         N/A       100%        4
 Lehudib's Crystal Spear  Conj/Erth      0%         10d2      100%        8


Dungeon Overview and Level Annotations

Branches:
Dungeon (4/15)
 Temple: D:4-7

Altars:
Dithmenos

Annotations:
D:3 1 runed translucent door


Innate Abilities, Weirdness & Mutations

You cannot be hasted, slowed, berserked, paralysed or teleported.
You can dig through walls and to a lower floor.
You have a pair of large antennae on your head. (SInv)
Your four strong arms can wield two-handed weapons with a shield.


Message History

Things that are here:
a +0 whip; a kobold corpse You hit the adder.
The adder is moderately wounded.
You hit the adder. You block the adder's attack.
The adder bites you but does no damage. The adder closely misses you.
The adder bites you but does no damage. You block the jelly's attack.
You barely miss the adder.
The adder is moderately wounded.
You hit the jelly.
Your hands burn!
You closely miss the adder.
The adder bites you but does no damage. x2
The jelly hits you but does no damage. The adder bites you.
You are poisoned.
The adder poisons you! The adder bites you.
You barely miss the adder.
The adder is moderately wounded.
You hit the adder. You hit the jelly.
Your hands burn!
You feel sick. The adder bites you. The jelly hits you.
You are splashed with acid!
You block the adder's attack. The adder closely misses you.
The jelly barely misses you. You block the adder's attack.
You miss the adder.
The adder is moderately wounded.
You hit the adder.
You kill the adder!
You barely miss the jelly.
You feel sick. The adder barely misses you. The jelly closely misses you.
The adder bites you but does no damage.
You slash the adder!
You kill the adder!
You slash the jelly!
Your hands burn!
You feel sick. The jelly barely misses you.
You feel sick. The jelly hits you.
You are splashed with acid!
* * * LOW HITPOINT WARNING * * *
You see here an adder corpse.
You hit the jelly.
Your hands burn!
* * * LOW HITPOINT WARNING * * *
The jelly is almost dead.
You feel sick.
You are no longer poisoned.
The jelly hits you.
You die...

#^......##..
#.......##.####
#.......##.#..#
..........>...#
#........#.$..##
#........#.....
#......J.#..############
.......@)†<............#
...#####..###########.##
#...?. #.....#.#
#.####.#.###.#.# ..#
#.##....# #.## #......<#
.. ######### #.#


You could see a jelly.

Vanquished Creatures
  The ghost of safid the Digger, an amateur GrEE (D:3)
  A gnoll bouda (D:3)
  8 adders
  5 gnolls (D:3)
  A worm (D:3)
  An orc (D:3)
  4 ball pythons
  6 endoplasms
  3 giant cockroaches
  11 goblins
  6 hobgoblins
  3 jackals (D:1)
  4 quokkas
  6 bats
  3 frilled lizards (D:1)
  7 kobolds
  3 rats
73 creatures vanquished.

Notes
Turn   | Place    | Note
-------+----------+-------------------------------------------
     0 | D:1      | lonewolfV2 the Formicid Fighter began the quest for the
                  | Orb.
     0 | D:1      | Reached XP level 1. HP: 18/18 MP: 1/1
   111 | D:1      | Reached XP level 2. HP: 22/24 MP: 2/2
   448 | D:1      | Reached XP level 3. HP: 30/30 MP: 3/3
   460 | D:1      | Found a faded altar of an unknown god.
   464 | D:1      | Got Plato's Precepts of Assembling
  1295 | D:2      | Reached XP level 4. HP: 30/37 MP: 4/4
  1338 | D:2      | Found a shadowy altar of Dithmenos.
  2107 | D:3      | Reached XP level 5. HP: 35/43 MP: 5/5
  2130 | D:3      | Reached skill level 5 in Armour
  2134 | D:3      | Reached skill level 5 in Fighting
  2154 | D:3      | Reached XP level 6. HP: 12/51 MP: 6/6
  2650 | D:3      | Found a runed translucent door.
  2651 | D:3      | Noticed safid's ghost (amateur GrEE)
  3033 | D:3      | Found a runed translucent door.
  3073 | D:3      | HP: 2/51 [safid's ghost/stone arrow (6)]
  3079 | D:3      | HP: 2/51 [safid's ghost/stone arrow (8)]
  3080 | D:3      | Killed safid's ghost
  3505 | D:4      | HP: 2/52 [poisoned by an adder]
  3505 | D:4      | Slain by a jelly

Illustrated notes

Levels and vault maps discovered:
D:1:      heliophobic_arrival_henge, layout_loops_corners,
          shapermc_ecumenical_altar_rom_forum, serial_forest,
          infiniplex_forest_corner_1, infiniplex_forest_zigzag_1,
          infiniplex_forest_lined_corner, infiniplex_forest_straight_5,
          infiniplex_forest_lined_ring, infiniplex_forest_clump_small,
          infiniplex_forest_clump_double, infiniplex_forest_side_room,
          infiniplex_forest_end_double, minmay_cut_off
D:2:      layout_basic, basic_altar
D:3:      layout_loops_ring, ebering_ghost_sewer_f
D:4:      layout_basic, uniq_duvessa

Skill      XL: |  1  2  3  4  5 |
---------------+----------------+-----
Fighting       | 4 5 |  5.8
Armour         | 4 5 |  5.8
Axes           | |  2.0
Shields        | |  4.0

Action                     |  1- 3 |  4- 6 || total
---------------------------+-------+-------++-------
  Melee: War axe           |    91 |   139 ||   230
    Use: Scroll            |     3 |     3 ||     6
         Potion            |       |     3 ||     3
 Armour: Scale mail        |    57 |    71 ||   128
  Dodge: Dodged            |    59 |    71 ||   130
  Block: Buckler           |    32 |    46 ||    78
